[Event "ICC tourney 2198 (45 10)"]
[Site "Internet Chess Club"]
[Date "2020.12.12"]
[Round "4"]
[White "tigertiger2019"]
[Black "Daniel-Lee"]
[Result "0-1"]
[ICCResult "White checkmated"]
[WhiteElo "1684"]
[BlackElo "1856"]
[Opening "QGD Slav: 5.e3 (Alekhine variation)"]
[ECO "D15"]
[NIC "SL.03"]
[Time "18:32:24"]
[PlyCount "82"]
[TimeControl "2700+10"]


1. Nf3 d5 2. c4 c6 3. d4 Nf6 4. Nc3 dxc4 5. e3 b5 6. a4 b4 7. Na2 e6 8.
Bxc4 Be7 9. O-O O-O 10. Bd2 a5 11. Nc1 Nbd7 12. Nd3 Bb7 13. Rc1 Qb6 14. Bb3
c5 15. dxc5 Nxc5 16. Nde5 Nfe4 17. Nc4 Qc7 18. Bc2 Rfd8 19. Bxe4 Bxe4 20.
b3 Bf6 21. Nd4 Bxd4 22. exd4 Rxd4 23. f3 Bd3 24. Re1 Bxc4 25. Rxc4 Rxc4 26.
bxc4 Rd8 27. Qc2 Rd3 28. Be3 b3 29. Qb1 Qd6 30. Kh1 Nxa4 31. Qa1 Qb4 32.
Qb1 Qxc4 33. Rc1 Nc3 34. Qa1 Rxe3 35. Qxa5 g6 36. Qd8+ Kg7 37. Qd2 Re2 38.
Qd6 b2 39. Rd1 Nxd1 40. Qb6 Re1+ 41. Qg1 Nf2# { White checkmated } 0-1

[Event "ICC tourney 2198 (45 10)"]
[Site "Internet Chess Club"]
[Date "2020.12.12"]
[Round "4"]
[White "Natey"]
[Black "AJM04"]
[Result "1/2-1/2"]
[ICCResult "Game drawn by mutual agreement"]
[WhiteElo "1745"]
[BlackElo "2050"]
[Opening "Sicilian: Pelikan, Chelyabinsk variation"]
[ECO "B33"]
[NIC "SI.37"]
[Time "18:32:24"]
[PlyCount "146"]
[TimeControl "2700+10"]


1. e4 c5 2. Nf3 Nc6 3. d4 cxd4 4. Nxd4 Nf6 5. Nc3 e5 6. Ndb5 d6 7. Bg5 a6
8. Na3 b5 9. Nd5 Be7 10. Bxf6 Bxf6 11. c3 O-O 12. Nc2 Rb8 13. Be2 Bg5 14.
O-O Kh8 15. a4 bxa4 16. Ncb4 Nxb4 17. Nxb4 Bb7 18. Qxa4 a5 19. Qxa5 Bxe4
20. Qxd8 Rfxd8 21. Ra7 f5 22. Rd1 Rb7 23. Ra6 Rbd7 24. Kf1 Bb7 25. Rb6 d5
26. Nd3 Re7 27. Nxe5 Rxe5 28. Rxb7 Kg8 29. Bf3 Bf6 30. Rb5 d4 31. Rxe5 Bxe5
32. cxd4 Rxd4 33. Re1 Bf6 34. Re8+ Kf7 35. Rb8 Be7 36. Ke2 Ke6 37. Rb6+ Rd6
38. Rb5 Rd4 39. Ke3 Rb4 40. Bd5+ Kf6 41. Rxb4 Bxb4 42. Kd4 Be1 43. f3 Bf2+
44. Kd3 Ke5 45. Bg8 h6 46. b4 g5 47. b5 Bg1 48. h3 Bf2 49. Ke2 Bd4 50. Bc4
Bc5 51. Bd3 Bd4 52. g4 fxg4 53. hxg4 Bc5 54. Bc4 Bd4 55. Bd3 Bc5 56. Be4
Bd4 57. Bc6 Bc5 58. Kd3 Bf2 59. Kc4 Bg1 60. Kb4 Bb6 61. Be4 Kd4 62. Bc6 Ke5
63. Ba8 Kd4 64. Be4 Ke5 65. Kc4 Bg1 66. Bf5 Bf2 67. Be4 Bg1 68. b6 Bxb6 69.
Kb5 Be3 70. Kc6 Bc1 71. Kd7 Ba3 72. Ke8 Kf6 73. Kd7 Ke5 { Game drawn by
mutual agreement } 1/2-1/2

[Event "ICC tourney 2198 (45 10)"]
[Site "Internet Chess Club"]
[Date "2020.12.12"]
[Round "4"]
[White "KRASAVCHIK"]
[Black "MrNormalName"]
[Result "1-0"]
[ICCResult "Black resigns"]
[WhiteElo "2648"]
[BlackElo "2181"]
[Opening "Ruy Lopez: open Berlin defense, l'Hermet variation"]
[ECO "C67"]
[NIC "RL.07"]
[Time "18:32:24"]
[PlyCount "83"]
[TimeControl "2700+10"]


1. e4 e5 2. Nf3 Nc6 3. Bb5 Nf6 4. O-O Nxe4 5. d4 Nd6 6. dxe5 Nxb5 7. a4
Nbd4 8. Nxd4 Nxd4 9. Qxd4 d5 10. Qd3 c6 11. a5 Be6 12. Nc3 Qd7 13. Ne2 Bf5
14. Qc3 Be7 15. Be3 O-O 16. Bc5 Bxc5 17. Qxc5 f6 18. exf6 Rxf6 19. Nd4 a6
20. Rfe1 Re8 21. f3 Rff8 22. Qc3 Qf7 23. Rxe8 Rxe8 24. Re1 Bc8 25. b4 Re7
26. Kf2 Qe8 27. Qd2 Rxe1 28. Qxe1 Qxe1+ 29. Kxe1 Kf7 30. Kd2 Ke7 31. Ke3
Kd6 32. Nb3 Kc7 33. Kd4 b6 34. Ke5 h5 35. h4 g6 36. c3 Bf5 37. Nd4 Bd3 38.
axb6+ Kxb6 39. Kd6 Bb5 40. g4 hxg4 41. fxg4 c5 42. bxc5+ { Black resigns }
1-0

[Event "ICC tourney 2198 (45 10)"]
[Site "Internet Chess Club"]
[Date "2020.12.12"]
[Round "4"]
[White "AmyMGL"]
[Black "AlexW2007"]
[Result "0-1"]
[ICCResult "White resigns"]
[WhiteElo "1900"]
[BlackElo "2107"]
[Opening "Sicilian: Najdorf, Lipnitzky attack"]
[ECO "B86"]
[NIC "SI.13"]
[Time "18:31:50"]
[PlyCount "96"]
[TimeControl "2700+10"]


1. e4 c5 2. Nf3 d6 3. d4 cxd4 4. Nxd4 Nf6 5. Nc3 a6 6. Bc4 e6 7. Bb3 Be7 8.
O-O O-O 9. a4 Qc7 10. Kh1 b6 11. Be3 Bb7 12. f3 Rd8 13. Qe1 Nbd7 14. Bxe6
fxe6 15. Nxe6 Qc4 16. Nxd8 Rxd8 17. a5 b5 18. b3 Qe6 19. Rd1 Nf8 20. Ne2 d5
21. Bb6 Rd7 22. Nf4 Qe5 23. Nd3 Qg5 24. Be3 Qh5 25. e5 Ne8 26. Bc5 Ne6 27.
Bxe7 Rxe7 28. f4 g6 29. c3 N8g7 30. Nb4 Rd7 31. Qf2 Nf5 32. c4 bxc4 33.
bxc4 d4 34. Nd5 Bxd5 35. cxd5 Rxd5 36. Qa2 Nxf4 37. Rf3 Nh4 38. Rxd4 Nxf3
39. g4 Qxe5 40. Rxf4 Qxf4 41. Qxd5+ Kg7 42. Qd7+ Kh6 43. Kg2 Qd2+ 44. Qxd2+
Nxd2 45. h4 Nc4 46. Kf3 Nxa5 47. Kf4 Nc4 48. g5+ Kh5 { White resigns } 0-1

[Event "ICC tourney 2198 (45 10)"]
[Site "Internet Chess Club"]
[Date "2020.12.12"]
[Round "4"]
[White "Aleksandrov73"]
[Black "amandapati"]
[Result "0-1"]
[ICCResult "White checkmated"]
[WhiteElo "2629"]
[BlackElo "2020"]
[Opening "QGD Slav defense"]
[ECO "D10"]
[NIC "SL.01"]
[Time "18:31:58"]
[PlyCount "148"]
[TimeControl "2700+10"]


1. d4 d5 2. c4 c6 3. Nc3 Nf6 4. e3 g6 5. Nf3 Bg7 6. Be2 O-O 7. O-O Be6 8.
b3 a6 9. a4 a5 10. Ba3 Na6 11. Rc1 Nb4 12. cxd5 Nfxd5 13. Ne4 Na2 14. Rc5
h6 15. Qd2 Ndb4 16. Bc4 Bd5 17. Bxb4 Nxb4 18. Bxd5 cxd5 19. Ng3 b6 20. Rc3
Qd7 21. Rfc1 Rfc8 22. Ne2 Qe8 23. Ne5 Rxc3 24. Rxc3 Bxe5 25. dxe5 Rc8 26.
Nd4 Rc5 27. e6 Kg7 28. Nb5 f6 29. e4 Qc6 30. Rxc5 Qxc5 31. exd5 Qxd5 32.
Qxd5 Nxd5 33. g3 f5 34. f4 Kf6 35. Nd4 g5 36. fxg5+ hxg5 37. Kf2 g4 38. Ke2
Nc7 39. Kd3 Nxe6 40. Ne2 Nc7 41. Kc4 e5 42. b4 axb4 43. Kxb4 Ke6 44. Kc4
Nd5 45. Kb5 Kd6 46. Nc1 e4 47. Ne2 Ke5 48. Kc4 f4 49. gxf4+ Nxf4 50. Ng3 e3
51. Kb5 Nd5 52. Kc4 Nc7 53. Kd3 Kf4 54. Ke2 Nd5 55. Nh5+ Kf5 56. Ng3+ Ke5
57. Kd3 Kf4 58. Kc4 Nc7 59. Kd4 Kf3 60. Kd3 Ne6 61. Kc4 Nc5 62. a5 bxa5 63.
Kxc5 e2 64. Nxe2 Kxe2 65. Kb5 Ke1 66. Kxa5 Kf2 67. Kb4 Kg1 68. Kc3 Kxh2 69.
Kd2 g3 70. Ke2 g2 71. Kf2 g1=Q+ 72. Kf3 Qd4 73. Ke2 Kg3 74. Kf1 Qf2# {
White checkmated } 0-1

[Event "ICC tourney 2198 (45 10)"]
[Site "Internet Chess Club"]
[Date "2020.12.12"]
[Round "4"]
[White "mhebden"]
[Black "Volkov"]
[Result "1/2-1/2"]
[ICCResult "Game drawn by mutual agreement"]
[WhiteElo "2503"]
[BlackElo "2607"]
[Opening "QGD Slav: 4.e3 Bf5"]
[ECO "D12"]
[NIC "QP.08"]
[Time "18:32:24"]
[PlyCount "83"]
[TimeControl "2700+10"]


1. d4 d5 2. Nf3 Nf6 3. c4 c6 4. e3 Bf5 5. cxd5 cxd5 6. Qb3 Qc7 7. Bd2 Nc6
8. Bb5 e6 9. O-O Nd7 10. Rc1 Rc8 11. Nc3 Be7 12. Na4 O-O 13. a3 Be4 14.
Bxc6 bxc6 15. Bb4 Bxb4 16. Qxb4 Bxf3 17. gxf3 e5 18. Nc5 exd4 19. Nxd7 Qxd7
20. Qxd4 Rfe8 21. Kh1 Qf5 22. Qg4 Qf6 23. b4 g6 24. Ra2 h5 25. Qf4 Qxf4 26.
exf4 a5 27. f5 gxf5 28. Rac2 axb4 29. axb4 Rb8 30. Rxc6 Rxb4 31. Rf6 Rf4
32. Rc7 Rf8 33. Kg2 h4 34. Rd7 Kg7 35. Ra6 Rg8 36. Rxd5 Kh7+ 37. Kf1 Rg6
38. Ra7 Kg7 39. Raa5 Rf6 40. Kg2 Rg6+ 41. Kf1 Rf6 42. Kg2 { Game drawn by
mutual agreement } 1/2-1/2

[Event "ICC tourney 2198 (45 10)"]
[Site "Internet Chess Club"]
[Date "2020.12.12"]
[Round "4"]
[White "Chesslegend21"]
[Black "Leolix"]
[Result "0-1"]
[ICCResult "White resigns"]
[WhiteElo "2132"]
[BlackElo "1947"]
[Opening "QGD Slav defense: exchange variation"]
[ECO "D10"]
[NIC "SL.01"]
[Time "18:31:38"]
[PlyCount "88"]
[TimeControl "2700+10"]


1. d4 d5 2. c4 c6 3. cxd5 cxd5 4. Nc3 Nf6 5. Bf4 Nc6 6. e3 e6 7. Nf3 a6 8.
Bd3 Bd6 9. Bxd6 Qxd6 10. O-O O-O 11. Rc1 b5 12. a4 b4 13. Nb1 Bb7 14. Nbd2
e5 15. dxe5 Nxe5 16. Nb3 Nxd3 17. Qxd3 Rfc8 18. Nbd4 Ne4 19. Nd2 Nc5 20.
Qc2 Qd7 21. Qf5 Qxa4 22. Qg4 Qe8 23. Nf5 Qe5 24. Qg5 Kf8 25. f4 Qf6 26.
Qxf6 gxf6 27. Nd6 Rd8 28. Rxc5 Rxd6 29. Nb3 Rc8 30. Rfc1 Rdc6 31. Kf2 Ke7
32. Rxc6 Rxc6 33. Rxc6 Bxc6 34. Ke2 Kd6 35. Kd3 Ba4 36. Nd4 a5 37. Nf5+ Kc5
38. Nh6 Bb5+ 39. Kc2 a4 40. Ng4 d4 41. exd4+ Kxd4 42. Nxf6 Bd3+ 43. Kc1 a3
44. bxa3 bxa3 { White resigns } 0-1

[Event "ICC tourney 2198 (45 10)"]
[Site "Internet Chess Club"]
[Date "2020.12.12"]
[Round "4"]
[White "kavyameiyappan"]
[Black "kwen2008"]
[Result "0-1"]
[ICCResult "White forfeits on time"]
[WhiteElo "1628"]
[BlackElo "1745"]
[Opening "Giuoco Piano"]
[ECO "C54"]
[NIC "IG.02"]
[Time "18:31:29"]
[PlyCount "70"]
[TimeControl "2700+10"]


1. e4 e5 2. Nf3 Nc6 3. Bc4 Bc5 4. c3 Nf6 5. d4 exd4 6. cxd4 Bb4+ 7. Bd2
Bxd2+ 8. Nbxd2 d6 9. O-O O-O 10. Re1 Bg4 11. Qc2 d5 12. exd5 Nxd5 13. a3
Nf6 14. Qc3 Bh5 15. Be2 Re8 16. Rad1 Nd5 17. Qc2 Nf4 18. Nb3 Nxe2+ 19. Rxe2
Rxe2 20. Qxe2 Qd5 21. Qd3 Rd8 22. Re1 Bxf3 23. Qxf3 Qxf3 24. gxf3 Kf8 25.
Rd1 Rd5 26. Kf1 Ne5 27. Ke2 Ng6 28. Rc1 c6 29. Ke3 Rb5 30. Rc3 Ne7 31. Rd3
Nd5+ 32. Kd2 Nf4 33. Rc3 Ne6 34. Rd3 Rh5 35. h4 Rxh4 { White forfeits on
time } 0-1

[Event "ICC tourney 2198 (45 10)"]
[Site "Internet Chess Club"]
[Date "2020.12.12"]
[Round "4"]
[White "pawnpush202044"]
[Black "USChessNinja"]
[Result "0-1"]
[ICCResult "White resigns"]
[WhiteElo "1915"]
[BlackElo "1598"]
[Opening "Grünfeld defense"]
[ECO "D80"]
[NIC "GI.03"]
[Time "18:32:07"]
[PlyCount "62"]
[TimeControl "2700+10"]


1. c4 Nf6 2. d4 g6 3. Nc3 d5 4. e3 Bg7 5. cxd5 Nxd5 6. Bc4 Nxc3 7. bxc3 c5
8. Ne2 O-O 9. O-O Qc7 10. Bd3 Rd8 11. Ba3 b6 12. Be4 Bb7 13. Bxb7 Qxb7 14.
Qb3 Qa6 15. Ng3 c4 16. Qb2 Nc6 17. Rad1 Rac8 18. e4 Rc7 19. Ne2 Rcd7 20. f4
e5 21. fxe5 Nxe5 22. Nf4 Bh6 23. Nd5 Nd3 24. Nf6+ Kg7 25. Rxd3 cxd3 26.
Nxd7 d2 27. Qa1 Qxa3 28. Ne5 Be3+ 29. Kh1 Qc1 30. Nc4 Rc8 31. Nxe3 Rxc3 {
White resigns } 0-1

[Event "ICC tourney 2198 (45 10)"]
[Site "Internet Chess Club"]
[Date "2020.12.12"]
[Round "4"]
[White "nikhilthota"]
[Black "kralj8"]
[Result "1-0"]
[ICCResult "Black checkmated"]
[WhiteElo "1800"]
[BlackElo "1935"]
[Opening "QGD: Ragozin variation"]
[ECO "D38"]
[NIC "NI.27"]
[Time "18:32:24"]
[PlyCount "129"]
[TimeControl "2700+10"]


1. Nf3 d5 2. c4 e6 3. d4 Nf6 4. Nc3 Bb4 5. Ne5 O-O 6. a3 Bxc3+ 7. bxc3 b6
8. Bf4 Bb7 9. e3 Nbd7 10. Bg5 Qe8 11. Nxd7 Nxd7 12. Qg4 f6 13. Bh4 c5 14.
cxd5 exd5 15. Bd3 Rf7 16. Qh5 g6 17. Qh6 Rc8 18. O-O Qf8 19. Qxf8+ Rfxf8
20. a4 a6 21. Rfb1 c4 22. Be2 Bc6 23. g4 b5 24. axb5 axb5 25. Ra6 Bb7 26.
Rd6 Bc6 27. Ra1 Rc7 28. Ra6 Bb7 29. Ra7 Ra8 30. Rda6 Nb6 31. Rxa8+ Nxa8 32.
Rd6 b4 33. cxb4 c3 34. Bd1 g5 35. Bg3 c2 36. Bxc2 Rxc2 37. Rd8+ Kf7 38.
Rd7+ Kg6 39. Rxb7 Rc4 40. Rb8 Nc7 41. b5 Ne6 42. b6 Rb4 43. b7 Kf7 44. f4
gxf4 45. Bxf4 Rb2 46. Bd6 h6 47. h3 Kg7 48. Re8 Rxb7 49. Rxe6 Kf7 50. Re7+
Rxe7 51. Bxe7 Kxe7 52. Kg2 f5 53. Kf3 Ke6 54. Kf4 fxg4 55. hxg4 Kf6 56. e4
dxe4 57. Kxe4 Kg5 58. d5 Kxg4 59. d6 h5 60. d7 h4 61. d8=Q Kh3 62. Kf3 Kh2
63. Qd6+ Kh3 64. Qg6 Kh2 65. Qg2# { Black checkmated } 1-0

[Event "ICC tourney 2198 (45 10)"]
[Site "Internet Chess Club"]
[Date "2020.12.12"]
[Round "4"]
[White "imranchamp"]
[Black "WonderZ"]
[Result "0-1"]
[ICCResult "White checkmated"]
[WhiteElo "1845"]
[BlackElo "2107"]
[Opening "Sicilian: closed"]
[ECO "B23"]
[NIC "SI.44"]
[Time "18:32:00"]
[PlyCount "78"]
[TimeControl "2700+10"]


1. e4 c5 2. Nc3 a6 3. Bc4 e6 4. a4 d6 5. f3 Nf6 6. Nge2 Be7 7. O-O O-O 8.
Ng3 Nc6 9. d3 h6 10. Re1 Re8 11. f4 d5 12. Ba2 b5 13. e5 Nd7 14. Bd2 b4 15.
Nce2 Bb7 16. c3 a5 17. d4 Qb6 18. Be3 bxc3 19. bxc3 cxd4 20. cxd4 Nb4 21.
Bb1 Bf8 22. Kf2 Ba6 23. Nc3 Rac8 24. Na2 Rc7 25. f5 Rec8 26. Nxb4 Bxb4 27.
Rh1 Bc3 28. Ra2 Bc4 29. f6 Bxa2 30. Qg4 Kf8 31. Qxg7+ Ke8 32. Bg6 Nf8 33.
Bd3 Bxd4 34. Bb5+ Rc6 35. Bxc6+ Rxc6 36. Bxd4 Qxd4+ 37. Kf3 Rc3+ 38. Ke2
Qe3+ 39. Kf1 Rc1# { White checkmated } 0-1

[Event "ICC tourney 2198 (45 10)"]
[Site "Internet Chess Club"]
[Date "2020.12.12"]
[Round "4"]
[White "KittiesRock18"]
[Black "davidluscomb"]
[Result "1/2-1/2"]
[ICCResult "Game drawn by mutual agreement"]
[WhiteElo "1864"]
[BlackElo "1995"]
[Opening "Sicilian: Najdorf, Lipnitzky attack"]
[ECO "B90"]
[NIC "SI.13"]
[Time "18:32:24"]
[PlyCount "118"]
[TimeControl "2700+10"]


1. e4 c5 2. Nf3 d6 3. d4 cxd4 4. Nxd4 Nf6 5. Nc3 a6 6. Bc4 e5 7. Nf3 Be7 8.
O-O O-O 9. Be3 Be6 10. Qe2 Nc6 11. Bxe6 fxe6 12. Ng5 Qd7 13. f4 exf4 14.
Bxf4 h6 15. Nf3 e5 16. Be3 Qg4 17. Qc4+ Kh7 18. h3 Qg3 19. Bg5 Nd4 20. Nxd4
exd4 21. Bf4 Qg6 22. Qxd4 Nh5 23. Bh2 Bf6 24. Qxd6 Rad8 25. Qb4 Ng3 26.
Bxg3 Qxg3 27. Nd5 Be5 28. Rxf8 Bd6 29. Rxd8 Qh2+ 30. Kf2 Bxb4 31. Nxb4 Qe5
32. Nd5 Qd4+ 33. Kf3 Qxb2 34. Re1 Qxa2 35. c3 Qc2 36. Rb8 b5 37. Ra1 Qd3+
38. Ne3 Qd6 39. Ra8 Qf6+ 40. Ke2 Qxc3 41. R8xa6 b4 42. Rb1 Qc5 43. Ra2 Qh5+
44. Kd3 Qb5+ 45. Nc4 Qd7+ 46. Kc2 Qd4 47. Rxb4 Qxe4+ 48. Kc3 Qe1+ 49. Rd2
Qc1+ 50. Kd4 Qg1+ 51. Kd5 Qa7 52. Ke6 Qc5 53. Rdb2 Qc6+ 54. Ke5 Qc7+ 55.
Kd5 Qf7+ 56. Ke4 Qf1 57. Ne3 Qf6 58. Kd3 Qe5 59. Rb7 Qe6 { Game drawn by
mutual agreement } 1/2-1/2

[Event "ICC tourney 2198 (45 10)"]
[Site "Internet Chess Club"]
[Date "2020.12.12"]
[Round "4"]
[White "gsmenon"]
[Black "zuz1209"]
[Result "0-1"]
[ICCResult "White checkmated"]
[WhiteElo "1920"]
[BlackElo "2228"]
[Opening "QGD: 4.Nf3"]
[ECO "D37"]
[NIC "QP.09"]
[Time "18:31:35"]
[PlyCount "92"]
[TimeControl "2700+10"]


1. Nf3 d5 2. c4 e6 3. d4 Nf6 4. Nc3 Be7 5. Bg5 h6 6. Bh4 dxc4 7. e3 c5 8.
Bxc4 cxd4 9. Nxd4 Bd7 10. O-O a6 11. Qb3 Nc6 12. Nxc6 Bxc6 13. Rfd1 Qa5 14.
Bd3 O-O 15. Bxf6 Bxf6 16. Be4 Bxc3 17. Bxc6 Bxb2 18. Bxb7 Bxa1 19. Bxa8
Rxa8 20. Rxa1 Rd8 21. h3 Rd2 22. a4 Qf5 23. Rf1 Kh7 24. Qc4 a5 25. Qc3 Ra2
26. Qb3 Re2 27. Qc4 Rb2 28. e4 Qg5 29. Qc7 f6 30. Qc6 Qe5 31. f4 Qd4+ 32.
Kh1 Qd3 33. Rg1 Rb4 34. Re1 Qd2 35. Rf1 Qe2 36. Rf3 Qxe4 37. Qc7 Qe1+ 38.
Kh2 Rb1 39. Qc2+ f5 40. Qc7 Qg1+ 41. Kg3 Rb2 42. Kh4 Rxg2 43. Qf7 Rg4+ 44.
Kh5 Rg5+ 45. Kh4 Qe1+ 46. Rg3 Qxg3# { White checkmated } 0-1

[Event "ICC tourney 2198 (45 10)"]
[Site "Internet Chess Club"]
[Date "2020.12.12"]
[Round "4"]
[White "wangfang75"]
[Black "hoshibosh"]
[Result "0-1"]
[ICCResult "White resigns"]
[WhiteElo "1858"]
[BlackElo "2151"]
[Opening "Sicilian: Najdorf, Byrne (English) attack"]
[ECO "B90"]
[NIC "SI.14"]
[Time "18:31:50"]
[PlyCount "84"]
[TimeControl "2700+10"]


1. e4 c5 2. Nf3 d6 3. d4 cxd4 4. Nxd4 Nf6 5. Nc3 a6 6. Be3 e5 7. Nb3 Be6 8.
f3 h5 9. Be2 Nbd7 10. O-O b5 11. Qd2 Be7 12. Nc1 Nb6 13. b3 d5 14. exd5
Nbxd5 15. Nxd5 Nxd5 16. Bf2 O-O 17. Nd3 Bg5 18. Qe1 Qf6 19. Kh1 Rac8 20. c4
bxc4 21. bxc4 Ne3 22. Bxe3 Bxe3 23. Nb4 Rfd8 24. Bd3 Qg5 25. Rd1 g6 26.
Nxa6 Rd4 27. Nb4 Rcd8 28. Nc6 Rxd3 29. Nxd8 Qxd8 30. Qe2 Bxc4 31. Qc2 Qd5
32. Rfe1 Rxd1 33. Rxd1 Bd4 34. f4 Bxa2 35. fxe5 Bb3 36. Qc8+ Kg7 37. Rd3
Qxe5 38. Qc1 Bd5 39. Qd1 Qe4 40. Qd2 Qf5 41. h3 Qf1+ 42. Kh2 Be5+ { White
resigns } 0-1

[Event "ICC tourney 2198 (45 10)"]
[Site "Internet Chess Club"]
[Date "2020.12.12"]
[Round "4"]
[White "TjkTiger"]
[Black "marble"]
[Result "1-0"]
[ICCResult "Black resigns"]
[WhiteElo "2602"]
[BlackElo "2537"]
[Opening "English: four knights, Nimzovich variation"]
[ECO "A28"]
[NIC "EO.21"]
[Time "18:32:24"]
[PlyCount "115"]
[TimeControl "2700+10"]


1. c4 e5 2. Nc3 Nc6 3. Nf3 Nf6 4. e4 Bb4 5. d3 d6 6. a3 Bc5 7. b4 Bb6 8.
Na4 Bg4 9. Nxb6 axb6 10. Bb2 O-O 11. Be2 Re8 12. O-O Nd7 13. h3 Bxf3 14.
Bxf3 Nf8 15. b5 Nb8 16. Bg4 Ne6 17. Bxe6 Rxe6 18. f4 Nd7 19. Qf3 f6 20.
Rae1 Re7 21. d4 exd4 22. Bxd4 Qe8 23. e5 fxe5 24. fxe5 Nxe5 25. Bxe5 dxe5
26. Qxb7 Rd8 27. Re4 h6 28. Rfe1 Rd6 29. c5 bxc5 30. a4 Qd8 31. Rxe5 Rxe5
32. Rxe5 Rd4 33. Qc6 Qh4 34. Qe6+ Kh8 35. Qf5 Rd8 36. Qe4 Rd1+ 37. Kh2 Qxe4
38. Rxe4 Rb1 39. Kg3 Rb4 40. Kf4 c4 41. Ke5 Rxa4 42. Kd5 Rb4 43. Kc5 Rb2
44. Rxc4 Rxg2 45. Kc6 Rh2 46. Kxc7 Rxh3 47. b6 Rb3 48. b7 Kh7 49. b8=Q Rxb8
50. Kxb8 h5 51. Kc7 Kg6 52. Kd6 Kg5 53. Ke5 h4 54. Ke4 Kg4 55. Ke3+ Kg3 56.
Rc5 Kg2 57. Rg5+ Kh1 58. Kf2 { Black resigns } 1-0

[Event "ICC tourney 2198 (45 10)"]
[Site "Internet Chess Club"]
[Date "2020.12.12"]
[Round "4"]
[White "RagingKnightNC"]
[Black "baoduan"]
[Result "1-0"]
[ICCResult "Black resigns"]
[WhiteElo "2112"]
[BlackElo "1879"]
[Opening "Ruy Lopez: closed"]
[ECO "C90"]
[NIC "RL.19"]
[Time "18:32:22"]
[PlyCount "111"]
[TimeControl "2700+10"]


1. e4 e5 2. Nf3 Nc6 3. Bb5 a6 4. Ba4 Nf6 5. O-O Be7 6. Re1 b5 7. Bb3 d6 8.
h3 Na5 9. c3 Nxb3 10. axb3 c5 11. d4 Qc7 12. Na3 Bb7 13. Bg5 O-O 14. d5 h6
15. Bd2 Qd7 16. Qe2 Bd8 17. c4 b4 18. Nc2 a5 19. Nh2 Bb6 20. Ng4 Nxg4 21.
Qxg4 Qxg4 22. hxg4 Bc8 23. Ne3 Bd7 24. Nf5 Bc7 25. Ra2 Ra6 26. Ra4 Bxa4 27.
bxa4 Rb8 28. b3 Bd8 29. g3 Bf6 30. Kg2 Kf8 31. Rh1 Ke8 32. g5 Be7 33. gxh6
gxh6 34. Rxh6 Rab6 35. Rh8+ Kd7 36. Rh7 Ke8 37. Kf3 Bf6 38. Bh6 R8b7 39.
Kg4 Kd8 40. Bg7 Bxg7 41. Rxg7 Rd7 42. Kg5 Rbb7 43. Kf6 Kc8 44. Rg8+ Kc7 45.
f4 exf4 46. gxf4 Kb6 47. e5 dxe5 48. fxe5 Ka7 49. d6 Kb6 50. Rf8 Ka7 51.
Nh6 Kb6 52. Rxf7 Rxf7+ 53. Nxf7 Ra7 54. e6 Kc6 55. d7 Rxd7 56. Ne5+ { Black
resigns } 1-0

[Event "ICC tourney 2198 (45 10)"]
[Site "Internet Chess Club"]
[Date "2020.12.12"]
[Round "4"]
[White "saisneha"]
[Black "bonnelleo1"]
[Result "1-0"]
[ICCResult "Black resigns"]
[WhiteElo "1883"]
[BlackElo "1896"]
[Opening "Queen's Indian: old main line, 9.Qxc3"]
[ECO "E19"]
[NIC "QI.12"]
[Time "18:32:21"]
[PlyCount "91"]
[TimeControl "2700+10"]


1. d4 Nf6 2. c4 e6 3. Nf3 b6 4. g3 Bb7 5. Bg2 Be7 6. O-O O-O 7. Nc3 Ne4 8.
Qc2 Nxc3 9. Qxc3 f5 10. Bf4 d6 11. Rad1 Qc8 12. d5 Bf6 13. Qc2 e5 14. Be3
Qe8 15. Qxf5 Bc8 16. Qc2 Qh5 17. b3 Bf5 18. Qd2 h6 19. Ne1 Nd7 20. Nc2 a5
21. Na3 Bd8 22. Nb5 Nf6 23. f3 Bd7 24. Nc3 g5 25. g4 Qg6 26. h3 Be7 27. a3
Kg7 28. Ra1 Rfc8 29. b4 Qe8 30. Rfb1 axb4 31. axb4 Rxa1 32. Rxa1 Ra8 33.
Qb2 Bf8 34. Ra2 Qb8 35. b5 Rxa2 36. Qxa2 Bc8 37. Qd2 Kg6 38. Na2 Qa7 39.
Nb4 Qa5 40. Qc2+ Kg7 41. Nc6 Qe1+ 42. Kh2 e4 43. Bd4 Kf7 44. Nd8+ Ke7 45.
Bc3 exf3 46. Bxe1 { Black resigns } 1-0

[Event "ICC tourney 2198 (45 10)"]
[Site "Internet Chess Club"]
[Date "2020.12.12"]
[Round "5"]
[White "Daniel-Lee"]
[Black "Chesslegend21"]
[Result "1-0"]
[ICCResult "Black resigns"]
[WhiteElo "1856"]
[BlackElo "2132"]
[Opening "Sicilian: Pelikan, Chelyabinsk variation"]
[ECO "B33"]
[NIC "SI.37"]
[Time "21:06:44"]
[PlyCount "49"]
[TimeControl "2700+10"]


1. e4 c5 2. Nf3 Nc6 3. d4 cxd4 4. Nxd4 Nf6 5. Nc3 e5 6. Ndb5 d6 7. Bg5 a6
8. Na3 b5 9. Nd5 Be7 10. Bxf6 Bxf6 11. Be2 Bg5 12. c3 O-O 13. O-O Be6 14.
Nc2 Rb8 15. Nce3 Bxe3 16. Nxe3 Ne7 17. Bf3 Qb6 18. a3 Rfd8 19. Qd2 Qc5 20.
Rfd1 Bb3 21. Re1 d5 22. exd5 Nxd5 23. Nxd5 e4 24. Bxe4 Bxd5 25. Rad1 {
Black resigns } 1-0

[Event "ICC tourney 2198 (45 10)"]
[Site "Internet Chess Club"]
[Date "2020.12.12"]
[Round "5"]
[White "vvguys"]
[Black "AJ2000"]
[Result "1-0"]
[ICCResult "Black resigns"]
[WhiteElo "1559"]
[BlackElo "1673"]
[Opening "Queen's pawn: London system"]
[ECO "A45"]
[NIC "QP.07"]
[Time "21:06:33"]
[PlyCount "53"]
[TimeControl "2700+10"]


1. d4 Nf6 2. Bf4 g6 3. Nc3 d5 4. Nf3 Bg7 5. Qd2 O-O 6. Bh6 c5 7. Bxg7 Kxg7
8. dxc5 Qa5 9. O-O-O e6 10. e3 Qxc5 11. h4 Nc6 12. Be2 a6 13. Nd4 b5 14. g4
Ne5 15. f3 b4 16. Na4 Qa5 17. b3 Bd7 18. g5 Ne8 19. f4 Bxa4 20. fxe5 Bd7
21. Kb1 Bb5 22. h5 Bxe2 23. Qxe2 Rc8 24. hxg6 fxg6 25. Nxe6+ Kg8 26. Nxf8
Kxf8 27. Rxh7 { Black resigns } 1-0

[Event "ICC tourney 2198 (45 10)"]
[Site "Internet Chess Club"]
[Date "2020.12.12"]
[Round "5"]
[White "Spence9000"]
[Black "Zuiopal"]
[Result "1/2-1/2"]
[ICCResult "Game drawn by mutual agreement"]
[WhiteElo "1625"]
[BlackElo "1740"]
[Opening "Caro-Kann: advance variation"]
[ECO "B12"]
[NIC "CK.04"]
[Time "21:06:44"]
[PlyCount "46"]
[TimeControl "2700+10"]


1. e4 c6 2. d4 d5 3. e5 Bf5 4. Nf3 e6 5. Bd3 Bxd3 6. Qxd3 Ne7 7. Bg5 Qb6 8.
Nc3 h6 9. Bd2 Nd7 10. O-O a6 11. Nh4 c5 12. Be3 cxd4 13. Bxd4 Qc7 14. Ne2
Nxe5 15. Qg3 N7c6 16. Bc3 Rc8 17. Rae1 g5 18. Nf3 Nxf3+ 19. Qxf3 Rg8 20.
Nd4 Nxd4 21. Bxd4 Qxc2 22. Qxd5 Qc6 23. Qf5 Rg6 { Game drawn by mutual
agreement } 1/2-1/2

[Event "ICC tourney 2198 (45 10)"]
[Site "Internet Chess Club"]
[Date "2020.12.12"]
[Round "5"]
[White "VibrantBroccoli"]
[Black "ashikuzzaman"]
[Result "1-0"]
[ICCResult "Black resigns"]
[WhiteElo "1811"]
[BlackElo "1943"]
[Opening "Sicilian, Chekhover variation"]
[ECO "B53"]
[NIC "SI.02"]
[Time "21:06:34"]
[PlyCount "81"]
[TimeControl "2700+10"]


1. e4 c5 2. Nf3 d6 3. d4 cxd4 4. Qxd4 Nc6 5. Bb5 Bd7 6. Bxc6 bxc6 7. c4 c5
8. Qd3 Bc6 9. Nc3 Nf6 10. b3 g6 11. O-O Bg7 12. Rb1 O-O 13. Bg5 Qc7 14.
Rfe1 Rfd8 15. Nd5 Qb7 16. Nd2 Kf8 17. Qh3 h5 18. Qf3 Ng8 19. Nf1 Rd7 20.
Ng3 Bh6 21. Qf4 Kg7 22. Bxh6+ Nxh6 23. Qg5 Kh7 24. f4 f6 25. Qh4 Rg8 26. f5
gxf5 27. Qxh5 Rg5 28. Qf3 Bxd5 29. exd5 e5 30. dxe6 Qxf3 31. gxf3 Re7 32.
Kf2 Rg8 33. Rbd1 Rd8 34. Nh5 Kg6 35. Nf4+ Kg5 36. Nd5 Ng8 37. Rg1+ Kh4 38.
Nxe7 Nxe7 39. Rg7 Nc6 40. Rdg1 Rh8 41. e7 { Black resigns } 1-0